AoeStats
← xlalox corona

Nomad

507847089Analyzed
2v2 RM · 11d ago on Sep 19, 2026· 65m 22s· 4 players
Game mode
Random Map
Map size
176×176
Population
200
Speed
Normal
Resources
Standard
Victory
Conquest
Starting age
Dark Age
Ending age
Imperial Age
RankedLock teamsTeams togetherTeam positionsShared explorationLock speedFull tech treeHidden civsTurbo modeCheats
Victory
Defeat
🇲🇽 Slavs · Mexico
1527
+18
🇲🇽 Bengalis · Mexico
1527
+18
🇦🇷 Lithuanians · Argentina
1572
-18
🇦🇷 Tatars · Argentina
1572
-18
xlalox corona
4:02 Loom
12:59 Feudal Age
21:05 Castle Age
20:36 Double-Bit Axe
21:59 Medium Warships
25:02 Bow Saw
29:15 Fletching
32:10 Bodkin Arrow
36:14 Padded Archer Armor
37:49 Leather Archer Armor
41:27 Imperial Age
40:00 Wheelbarrow
41:55 Bloodlines
41:45 Husbandry
42:23 Bracer
43:51 Chemistry
44:28 Ring Archer Armor
43:58 Elite Ratha (Ranged)
44:04 Elite Ratha (Ranged)
49:58 Ballistics
55:09 Town Watch
55:40 Hand Cart
55:20 Town Watch
56:55 Guard Tower
59:11 Keep
62:43 Conscription
GAX | ERV
5:19 Loom
13:48 Feudal Age
17:35 Castle Age
16:14 Double-Bit Axe
18:35 Medium Warships
19:43 Bow Saw
22:03 Scale Barding Armor
23:25 Bloodlines
23:16 Husbandry
23:39 Fishing Lines
24:00 Horse Collar
28:14 Wheelbarrow
28:21 Chain Barding Armor
29:37 Forging
31:21 Hand Cart
32:44 Iron Casting
32:02 Gold Mining
32:13 Heavy Plow
34:08 Gold Shaft Mining
37:50 Imperial Age
35:13 Pikeman
35:54 Squires
35:55 Scale Mail Armor
38:03 Halberdier
39:45 Blast Furnace
39:25 Chain Mail Armor
39:16 Druzhina
41:41 Capped Ram
43:02 Conscription
42:32 Siege Ram
44:34 Plate Mail Armor
54:16 Cavalier
62:05 Plate Barding Armor
Antoninus
5:12 Loom
12:51 Feudal Age
16:30 Castle Age
16:52 Double-Bit Axe
17:51 Bow Saw
18:28 Horse Collar
18:55 Scale Barding Armor
22:50 Forging
24:26 Iron Casting
25:11 Gold Mining
28:29 Wheelbarrow
28:52 Husbandry
29:32 Chain Barding Armor
31:16 Bloodlines
37:53 Imperial Age
35:39 Herbal Medicine
37:52 Hand Cart
37:50 Stone Mining
39:22 Plate Barding Armor
39:45 Conscription
40:38 Elite Keshik
42:40 Blast Furnace
43:58 Fletching
44:09 Padded Archer Armor
44:51 Bodkin Arrow
46:07 Ballistics
46:48 Chemistry
48:12 Gold Shaft Mining
47:38 Heavy Plow
47:36 Treadmill Crane
49:45 Murder Holes
49:55 Elite Skirmisher
50:59 Leather Archer Armor
50:45 Bracer
51:04 Leather Archer Armor
53:50 Ring Archer Armor
54:39 Scale Mail Armor
56:19 Onager
Esteban
7:07 Loom
12:35 Feudal Age
19:18 Castle Age
19:35 Demolition Ship
20:30 Medium Warships
19:55 Demolition Ship
21:31 Double-Bit Axe
22:54 Gold Mining
23:19 Bow Saw
23:34 Town Watch
24:24 Wheelbarrow
28:10 Hand Cart
31:41 Sanctity
31:26 Fishing Lines
32:55 Gillnets
34:15 Stone Mining
35:35 Scale Barding Armor
36:54 Chain Barding Armor
37:08 Forging
38:03 Horse Collar
41:50 Imperial Age
40:32 Iron Casting
39:48 Fletching
40:42 Bloodlines
40:32 Husbandry
44:23 Chemistry
43:31 Bodkin Arrow
45:20 Plate Barding Armor
44:34 Cavalier
46:37 Town Patrol
47:25 Stone Shaft Mining
46:59 Bracer
47:35 Thumb Ring
51:15 Conscription
51:31 Scale Mail Armor
50:58 Paladin
51:56 Heavy Plow
51:53 Murder Holes
52:08 Masonry
52:26 Padded Archer Armor
54:01 Tower Shields
54:28 Leather Archer Armor
54:39 Ballistics
55:13 Thumb Ring
54:32 Elite Skirmisher
55:18 Crossbowman
56:32 Ring Archer Armor
58:16 Pikeman
59:13 Chain Mail Armor
59:54 Light Cavalry
Connection lost

Rejoining the realm…

Still unreachable

The connection could not be restored.

Session expired

The server has moved on; the page needs a fresh start.